 Dungeon Crawl Stone Soup version 0.30-a0-989-g0d87f670db (webtiles) character file.

Game seed: 13205491273815705594

16172 croobank the Cleaver (level 11, 0/89 HPs)
             Began as a Demigod Fire Elementalist on Apr 4, 2023.
             Slain by a cane toad (9 damage)
             ... on level 1 of the Lair of Beasts.
             The game lasted 00:46:11 (15276 turns).

croobank the Cleaver (Demigod Fire Elementalist)   Turns: 15276, Time: 00:46:11

Health: 0/89       AC:  8    Str: 12    XL:     11   Next: 77%
Magic:  15/23      EV: 14    Int: 35    God:
Gold:   764        SH:  5    Dex: 14    Spells: 11/21 levels left

rFire   . . .      SeeInvis .    s - +6 war axe "Numaosmo" {freeze, rN+ Str+3}
rCold   . . .      Faith    .    (no shield)
rNeg    + . .      Spirit   .    J - +0 troll leather armour
rPois   +          Reflect  +    (no helmet)
rElec   .          Rampage  .    O - +2 cloak {rPois}
rCorr   .                        q - +0 pair of gloves
Will    +....                    (no boots)
Stlth   +++                      z - amulet of reflection
HPRegen 1.14/turn                l - +6 ring of intelligence
MPRegen 0.18/turn                D - +4 ring of slaying

@: studying Shields
A: high MP 1, forlorn, divine attributes
a: no special abilities


You were on level 1 of the Lair of Beasts.
You visited 2 branches of the dungeon, and saw 12 of its levels.

You collected 764 gold pieces.

Inventory:

Hand Weapons
 a - a +3 short sword of venom
 f - a +4 spear of freezing
 g - a +4 flail of freezing
 h - a +1 vampiric demon whip
 m - a +2 dagger of venom
 s - the +6 war axe "Numaosmo" (weapon) {freeze, rN+ Str+3}
   (You found it on level 2 of the Dungeon)

   Str:       It affects your strength (+3).
   rN:        It protects you from negative energy.
 A - a +0 dagger of speed
 C - a +0 shortbow of freezing
Missiles
 v - 8 curare-tipped darts (quivered)
Armour
 i - a +0 robe of fire resistance
 j - a +0 kite shield
 q - a +0 pair of gloves (worn)
 H - a scarf of resistance
 J - a +0 troll leather armour (worn)
 N - a +0 pair of boots
 O - a +2 cloak of poison resistance (worn)
Jewellery
 b - a +4 ring of protection
 l - a +6 ring of intelligence (left hand)
 p - a +6 ring of dexterity
 t - a ring of fire
 u - a +6 ring of intelligence
 y - a +4 ring of protection
 z - an amulet of reflection (around neck)
 D - a +4 ring of slaying (right hand)
 E - a ring of positive energy
 I - a +6 ring of strength
 L - a +6 ring of strength
 R - a ring of willpower
Wands
 e - a wand of digging (6)
 k - a wand of polymorph (4)
 r - a wand of iceblast (10)
 x - a wand of flame (2)
 F - a wand of paralysis (3)
Scrolls
 c - 3 scrolls of immolation
 d - a scroll of fog
 n - a scroll of magic mapping
 o - 5 scrolls of identify
 K - 2 scrolls of vulnerability
Potions
 w - a potion of mutation
 B - 2 potions of ambrosia {unknown}
 G - a potion of attraction
 M - 2 potions of cancellation
 Q - a potion of haste {unknown}
 S - a potion of might
 T - a potion of resistance
Miscellaneous
 P - a piece from Xom's chessboard (15/15)


   Skills:
 + Level 5.9 Fighting
 * Level 8.5 Axes
 + Level 6.5 Dodging
 + Level 7.0 Stealth
 + Level 5.9 Spellcasting
 + Level 6.2 Conjurations
 + Level 5.3 Transmutations
 + Level 6.8 Fire Magic


You had 11 spell levels left.
You knew the following spells:

 Your Spells              Type           Power      Damage    Failure   Level
a - Foxfire               Conj/Fire      100%       2x1d6     1%          1
b - Scorch                Fire           100%       2d10      1%          2
c - Beastly Appendage     Tmut           94%        N/A       1%          1
d - Wereblood             Tmut           47%        N/A       1%          2
e - Flame Wave            Conj/Fire      54%        2d13      3%          4

Your spell library contained the following spells:

 Spells                   Type           Power      Damage    Failure   Level
 Kiss of Death            Conj/Necr      100%       2d13      1%          1
 Shock                    Conj/Air       100%       1d9       1%          1
 Momentum Strike          Conj/Tloc      64%        3d9       1%          2
 Inner Flame              Hex/Fire       34%        N/A       3%          3
 Freeze                   Ice            40%        1d6       4%          1
 Hailstorm                Conj/Ice       32%        3d8       4%          3
 Spider Form              Tmut/Pois      28%        N/A       4%          3
 Kindle Blastsparks       Fire/Tloc/Air  52%        2d14      5%          3
 Blink                    Tloc           20%        N/A       8%          2
 Lesser Beckoning         Tloc           20%        N/A       8%          2
 Confusing Touch          Hex            10%        N/A       14%         3
 Frozen Ramparts          Ice            20%        1d4       14%         3
 Gell's Gravitas          Tloc           10%        N/A       14%         3
 Swiftness                Air            10%        N/A       14%         3
 Teleport Other           Tloc           10%        N/A       14%         3
 Airstrike                Air            5%         2d(1-17)  43%         4
 Dispel Undead            Necr           10%        3d9       43%         4
 Dispersal                Tloc           5%         N/A       100%        6
 Chain Lightning          Conj/Air       16%        3d21      100%        9
 Fire Storm               Conj/Fire      27%        8d7       100%        9
 Shatter                  Erth           5%         3d8*      100%        9


Dungeon Overview and Level Annotations

Branches:
Dungeon (11/15)            Temple (0/1) D:6            Lair (1/5) D:10
    Orc (0/2) D:10

Annotations:
D:11 3 runed translucent doors, Liril's ghost, journeyman FoFi


Innate Abilities, Weirdness & Mutations

You have an increased reservoir of magic. (+10% MP)
You shall have no god before yourself.
Your divine heritage dramatically boosts your attributes as you level up.


Message History

You hit the cane toad but do no damage. You block the cane toad's attack.
The cane toad stings you!! The cane toad completely misses you.
You slash the cane toad! You freeze the cane toad.
The cane toad is heavily wounded.
You hit the cane toad.
The cane toad seems to slow down.
You freeze the cane toad. The cane toad stings you!
You slash the cane toad! You freeze the cane toad. You claw the cane toad.
Your headbutt misses the cane toad.
The cane toad is almost dead.
You hit the cane toad. You freeze the cane toad. The cane toad stings you! x2
Casting: Scorch (safe; 1% risk of failure)
Confirm with . or Enter, or press ? or * to list all spells.
Okay, then.
Okay, then.
Unknown command.
The cane toad attacks as you move away! The cane toad barely misses you.
The catoblepas falls through a shaft!
The shaft crumbles and collapses.
The cane toad barely misses you.
Your horns disappear.
Your talons disappear.
The cane toad is no longer moving slowly.
The cane toad attacks as you move away! The cane toad closely misses you.
The cane toad barely misses you. The cane toad attacks as you move away!
The cane toad stings you.
You slash the cane toad! You freeze the cane toad.
You kill the cane toad!
Your Stealth skill increases to level 7!
You barely miss the cane toad. You punch the cane toad.
The cane toad is heavily wounded.
The cane toad stings you!
* * * LOW HITPOINT WARNING * * *
The cane toad stings you!
* * * LOW HITPOINT WARNING * * *
Casting: Scorch (safe; 1% risk of failure)
Confirm with . or Enter, or press ? or * to list all spells.
Flames lash the cane toad.
The cane toad is heavily wounded.
The cane toad's fire resistance burns away.
You hear an angry hiss.
The cane toad stings you!
You die...

.................
#..................
#..................
#..................
#####..................
........#P#............
........####....#......
......[.# #...####.....
.......@###.###..#.....
####...F†.†††....#....#
#P.........###.#
##..........##
#...........#
#.......#..##
#.......##..#
#.......###....
#.......P #..##


You could see a cane toad (combustible).

Vanquished Creatures
  A two-headed ogre (D:11)
  An ugly thing (D:11)
  5 cane toads (Lair:1)
  An orange demon (D:8)
  A gargoyle (D:10)
  3 kobold demonologists
  An unseen horror (D:11)
  5 komodo dragons
  A hornet (D:7)
  A troll (D:9)
  A vampire (D:10)
  A wraith (D:10)
  6 wyverns
  A shadow (D:10)
  13 yaks
  A basilisk (D:9)
  2 steam dragons
  2 vampire mosquitoes
  Edmund (D:6)
  An acid dragon (D:6)
  5 water moccasins
  Duvessa (D:6)
  5 orc warriors
  An ogre (D:5)
  A black bear (D:8)
  2 ice beasts
  10 centaurs
  2 phantoms (D:5)
  4 kobold brigands
  2 bullfrogs
  4 scorpions
  9 wights
  Dowan (D:6)
  6 killer bees (D:9)
  2 electric eels (D:6)
  5 hounds
  13 orc priests
  4 jellies
  A gnoll bouda (D:9)
  Natasha (D:2)
  2 iguanas (D:5)
  A sleepcap (D:5)
  21 orc wizards
  6 gnolls
  5 adders
  A river rat (D:4)
  A shadow imp (D:6)
  2 white imps
  2 ufetubi
  3 worms
  2 dart slugs
  44 orcs
  11 endoplasms
  7 giant cockroaches
  9 hobgoblins
  14 jackals
  25 kobolds
  3 quokkas
  7 ball pythons
  2 bats (D:1)
  5 frilled lizards
  9 goblins
  5 rats
315 creatures vanquished.

Vanquished Creatures (collateral kills)
  Amaemon (D:8)
  A gargoyle (D:10)
  7 foxfires
9 creatures vanquished.

Vanquished Creatures (others)
  571 foxfires
  29 plants
600 creatures vanquished.

Grand Total: 924 creatures vanquished

Notes
Turn   | Place    | Note
-------+----------+-------------------------------------------
     0 | D:1      | croobank the Demigod Fire Elementalist began the quest for
                  | the Orb.
     0 | D:1      | Reached XP level 1. HP: 14/14 MP: 5/5
    31 | D:1      | Reached skill level 1 in Conjurations
   491 | D:1      | Reached XP level 2. HP: 19/20 MP: 5/7
   494 | D:1      | Learned a level 2 spell: Scorch
  1304 | D:2      | Reached XP level 3. HP: 27/27 MP: 3/8
  1745 | D:2      | Identified the +6 war axe "Numaosmo" {freeze, rN+ Str+3}
  1821 | D:2      | Noticed Natasha
  1828 | D:2      | Killed Natasha
  1866 | D:2      | Reached XP level 4. HP: 31/34 MP: 7/10
  2687 | D:3      | Reached skill level 1 in Fighting
  3029 | D:3      | Reached XP level 5. HP: 40/40 MP: 4/11
  3049 | D:3      | Reached skill level 1 in Axes
  4050 | D:4      | Reached XP level 6. HP: 22/47 MP: 8/12
  4059 | D:4      | Reached skill level 2 in Axes
  4725 | D:4      | Reached XP level 7. HP: 27/55 MP: 5/14
  5432 | D:5      | Entered Level 5 of the Dungeon
  5462 | D:5      | You fall into a shaft and drop 2 floors!
  5480 | D:7      | Learned a level 1 spell: Beastly Appendage
  5483 | D:7      | Learned a level 2 spell: Wereblood
  5509 | D:7      | Noticed a steam dragon
  5524 | D:7      | Noticed a hornet
  5531 | D:7      | Reached skill level 3 in Axes
  5542 | D:7      | Killed a hornet
  5546 | D:7      | Killed a steam dragon
  5547 | D:7      | Reached skill level 1 in Transmutations
  5924 | D:5      | Noticed a yak
  5928 | D:5      | Reached XP level 8. HP: 62/62 MP: 9/16
  6029 | D:6      | Learned a level 4 spell: Flame Wave
  6036 | D:6      | Reached skill level 4 in Axes
  6741 | D:5      | Identified a scroll of acquirement
  6741 | D:5      | Acquired a staff of conjuration
  7409 | D:6      | Reached skill level 5 in Axes
  7409 | D:6      | Reached XP level 9. HP: 6/70 MP: 11/18
  7686 | D:6      | Noticed Dowan
  7688 | D:6      | Noticed Duvessa
  7698 | D:6      | Killed Duvessa
  7703 | D:6      | Killed Dowan
  7713 | D:6      | Noticed Edmund
  7914 | D:6      | Found a staircase to the Ecumenical Temple.
  8409 | D:6      | Killed Edmund
  8410 | D:6      | Reached skill level 5 in Fire Magic
  8898 | D:7      | Reached skill level 5 in Stealth
 10408 | D:8      | Noticed Amaemon
 10432 | D:8      | Killed Amaemon
 10433 | D:8      | Reached skill level 6 in Axes
 10433 | D:8      | Reached skill level 5 in Dodging
 10454 | D:8      | Reached XP level 10. HP: 16/80 MP: 4/20
 11601 | D:9      | Reached skill level 5 in Conjurations
 12339 | D:10     | Entered Level 10 of the Dungeon
 12348 | D:10     | Reached skill level 5 in Spellcasting
 12426 | D:10     | Reached skill level 7 in Axes
 12640 | D:10     | Reached skill level 5 in Fighting
 12988 | D:10     | Found a staircase to the Lair.
 13130 | D:10     | Reached XP level 11. HP: 14/86 MP: 12/22
 13409 | D:10     | Found a staircase to the Orcish Mines.
 13595 | D:11     | Noticed a two-headed ogre
 13601 | D:11     | Killed a two-headed ogre
 13602 | D:11     | Found a runed translucent gate.
 13602 | D:11     | Found a runed translucent gate.
 13604 | D:11     | Found a runed translucent gate.
 13718 | D:11     | Noticed a minotaur
 13857 | D:11     | Noticed Liril's ghost (journeyman FoFi)
 14515 | D:10     | Reached skill level 8 in Axes
 14782 | D:10     | Reached skill level 5 in Transmutations
 14901 | Lair:1   | Entered Level 1 of the Lair of Beasts
 15264 | Lair:1   | Noticed a catoblepas
 15276 | Lair:1   | Slain by a cane toad

Illustrated notes

Levels and vault maps discovered:
D:1:      heliophobic_arrival_glass_houses, layout_rooms, basic_ecumenical_altar
D:2:      layout_basic, roderic_st_hans_cross,
          hangedman_abyss_or_decor_lesser_grid, uniq_natasha
D:3:      layout_basic, chequers_serial_rivers_large_a,
          kennysheep_generic_room_16
D:4:      layout_basic, general_overflow_altar, gup_sewer_entry_spiral
D:5:      layout_rooms, nicolae_overflow_hallway_of_the_gods, minmay_manual_moon
D:6:      layout_cave_pods, temple_doors_cd, serial_bayou, serial_bayou_pond_d,
          serial_bayou_pond_c, serial_bayou_lagoon_a, serial_bayou_pond_e,
          chequers_serial_rivers_small_b, nicolae_nh_ransacked_shop,
          uniq_duvessa, uniq_edmund
D:7:      layout_basic
D:8:      layout_loops_ring, hangedman_decor_slide_cut, uniq_amaemon
D:9:      layout_roguey
D:10:     layout_roguey, minmay_lair_entry_grove, minmay_increasing_density
D:11:     layout_cross, nicolae_trove_entry_crystal,
          maelrawn_ghost_gauntlet_escape
Lair:1:   layout_cellular_growth, beast_lair_carwin_7, lemuel_fruit_tree,
          serial_bayou_shore_b, grunt_megastairs_5

Skill      XL: |  1  2  3  4  5  6  7  8  9 10 11 |
---------------+----------------------------------+-----
Conjurations   | 1 2 3 4 5 6 |  6.2
Stealth        | 2 3 4 5 6 7 |  7.0
Dodging        | 2 3 4 5 6 |  6.5
Spellcasting   | 2 3 4 5 |  5.9
Fire Magic     | 3 4 5 6 |  6.8
Fighting       | 1 2 3 4 5 |  5.9
Axes           | 1 2 3 5 6 7 8 |  8.5
Transmutations | 1 2 3 4 5 |  5.3

Action                     |  1- 3 |  4- 6 |  7- 9 | 10-12 || total
---------------------------+-------+-------+-------+-------++-------
  Melee: Unarmed           |     3 |       |       |       ||     3
         Dagger            |     5 |       |       |       ||     5
         War axe           |     2 |    67 |    76 |    79 ||   224
         Short sword       |     1 |       |       |       ||     1
         Punch             |       |     1 |     1 |     1 ||     3
         Headbutt          |       |       |     6 |    10 ||    16
         Kick              |       |       |     6 |    20 ||    26
   Fire: Shortbow          |       |       |     6 |       ||     6
  Throw: Throwing net      |       |       |       |     1 ||     1
   Cast: Foxfire           |    53 |    66 |   114 |   109 ||   342
         Scorch            |    13 |    43 |   108 |   100 ||   264
         Beastly Appendage |       |       |     5 |     7 ||    12
         Wereblood         |       |       |     5 |     7 ||    12
         Flame Wave        |       |       |     2 |     8 ||    10
    Use: Potion            |       |     6 |     7 |     5 ||    18
         Scroll            |       |     7 |     7 |     8 ||    22
   Stab: Sleeping          |       |     1 |     2 |     1 ||     4
         Held in net/web   |       |       |       |     1 ||     1
 Armour: Robe              |     3 |    11 |    17 |     3 ||    34
         Skin              |       |    24 |     4 |       ||    28
         Troll leather arm |       |       |       |    28 ||    28
  Dodge: Dodged            |    16 |    31 |    87 |   126 ||   260
  Block: Other             |       |       |       |    26 ||    26
         Reflection        |       |       |       |     1 ||     1

Table legend: (Time is in decaauts)
 A = Elapsed time spent in this place.
 B = Non-inter-level travel time spent in this place.
 C = Inter-level travel time spent in this place.
 D = Time resting spent in this place.
 E = Time spent auto-exploring this place.
 F = Levels seen in this place.
 G = Mean time per level.
                   A        B        C        D        E       F      G
               +--------+--------+--------+--------+--------+-----+--------+
         Total |  15439 |  14953 |    486 |   4648 |   7676 |  12 | 1286.6 |
       Dungeon |  15063 |  14578 |    485 |   4648 |   7409 |  11 | 1369.4 |
          Lair |    376 |    376 |      0 |      0 |    267 |   1 |  376.0 |
               +--------+--------+--------+--------+--------+-----+--------+

Top non-repeatable levels by time:
     D:6: 2153 daAuts
    D:10: 1616 daAuts
     D:8: 1594 daAuts
     D:4: 1575 daAuts
     D:2: 1523 daAuts
     D:3: 1314 daAuts
     D:9: 1310 daAuts
     D:7: 1158 daAuts
     D:1: 1105 daAuts
     D:5: 881 daAuts
    D:11: 829 daAuts
  Lair:1: 376 daAuts
